 Dungeon Crawl Stone Soup version 0.31-a0-157-g0643eb4156 (webtiles) character file.

Game seed: 12829176600516319097

1502 qw the Skirmisher (level 8, -1/51 HPs)
             Began as a Gargoyle Hunter on June 12, 2023.
             Was an Initiate of Okawaru.
             Slain by an orc warrior
             ... wielding a +0 halberd
              (2 damage)
             ... on level 7 of the Dungeon.
             The game lasted 00:02:21 (4842 turns).

qw the Skirmisher (Gargoyle Hunter)                 Turns: 4842, Time: 00:02:21

Health: -1/51      AC: 14    Str: 15    XL:     8   Next: 82%
Magic:  8/8        EV: 11    Int: 10    God:    Okawaru [......]
Gold:   183        SH:  0    Dex: 15    Spells: 7/7 levels left

rFire   . . .        Y - +1 shortbow
rCold   . . .        (shield currently unavailable)
rNeg    + . .        a - +0 ring mail
rPois   inf          f - +2 hat
rElec   +            (no cloak)
rCorr   .            c - +0 pair of gloves
SInv    .            (no boots)
Will    .....        (no amulet)
Stlth   +            (no ring)
HPRegen 0.28/turn    (no ring)
MPRegen 0.11/turn

%: no passive effects
@: no status effects
A: sickness immunity, AC +5, negative energy resistance 1, electricity
resistance, torment resistance 1, petrification resistance
a: Renounce Religion


You were on level 7 of the Dungeon.
You worshipped Okawaru.
Okawaru was noncommittal.
You visited 2 branches of the dungeon, and saw 8 of its levels.

You collected 259 gold pieces.
You spent 76 gold pieces at shops.


Innate Abilities, Weirdness & Mutations

You are immune to sickness and miasma.
Your stone body is resilient. (AC +5)
You are immune to poison.
You resist negative energy. (rN+)
You are resistant to electric shocks. (rElec)
You are resistant to unholy torment.
You are immune to petrification.


   Skills:
 - Level 6.0 Fighting
 + Level 9.7 Ranged Weapons
 - Level 2.4 Armour
 - Level 2.0 Dodging
 - Level 1.1 Stealth


You had 7 spell levels left.
You didn't know any spells.
Your spell library was empty.

Inventory:

Hand Weapons
 Y - a +1 shortbow (weapon)
Armour
 a - a +0 ring mail (worn)
 c - a +0 pair of gloves (worn)
 f - a +2 hat (worn)
Wands
 e - a wand of digging (5)
Scrolls
 d - 8 scrolls of identify
Potions
 b - 6 potions of curing
 g - 2 potions of attraction

Dungeon Overview and Level Annotations

Branches:
Dungeon (7/15)             Temple (1/1) D:5

Altars:
Cheibriados
Dithmenos
Elyvilon
Fedhas
Gozag
Kikubaaqudgha
Makhleb
Okawaru
Qazlal
Sif Muna
Trog
Uskayaw
Vehumet
Wu Jian
Xom
Yredelemnul
Zin
The Shining One

Shops:
D:3 [

Annotations:
D:7 Dowan, Duvessa


Message History

The arrow hits Duvessa but does no damage.
Duvessa is moderately wounded.
Duvessa hits you but does no damage.
The orc priest mumbles some strange prayers to Beogh against you.
Pain shoots through your body! The orc warrior barely misses you.
You shoot an arrow.
The arrow hits Duvessa but does no damage.
Duvessa is moderately wounded.
Duvessa hits you with a +0 short sword. The orc priest barely misses you.
The orc warrior hits you from afar with a +0 halberd.
You shoot an arrow. The arrow hits Duvessa.
Duvessa is heavily wounded.
Duvessa closely misses you. The orc priest barely misses you.
The orc warrior barely misses you.
You shoot an arrow. The arrow hits Duvessa!
Duvessa is severely wounded.
Duvessa hits you with a +0 short sword.
The orc warrior hits you from afar with a +0 halberd!
You shoot an arrow. The arrow closely misses Duvessa.
The arrow hits the orc priest!
You kill the orc priest!
Okawaru accepts your kill. Duvessa hits you but does no damage.
The orc priest hits you with a +0 mace. The orc warrior misses you.
You shoot an arrow. The arrow barely misses Duvessa.
You hear a shout!
Duvessa hits you but does no damage.
A gnoll bouda comes into view. It is wielding a +0 club.
The orc warrior hits you but does no damage.
You hear a shout! x4
You shoot an arrow. The arrow barely misses Duvessa.
You hear a shout!
Duvessa hits you with a +0 short sword!
The orc priest hits you but does no damage.
The orc warrior barely misses you.
You shoot an arrow. The arrow hits Duvessa.
Duvessa is almost dead.
Duvessa hits you with a +0 short sword.
The orc warrior hits you from afar with a +0 halberd.
You die...

.### ...# #...#
# # #.#.. .# ...
....## #.#....
#.####..##....#
.......@e{....#
.....###o#g##.?#
... ..eo..# .
...o###.# ......
.# ...... oo
....## oo ....
..


You could see Duvessa, an orc warrior, Dowan, a gnoll bouda and an orc priest.

Vanquished Creatures
  Sigmund (D:5)
  Menkaure (D:5)
  An ice beast (D:6)
  A phantom (D:4)
  A bullfrog (D:5)
  A kobold brigand (D:4)
  4 scorpions
  A howler monkey (D:6)
  A gnoll bouda (D:6)
  A jelly (D:6)
  3 orc priests
  3 hounds
  3 iguanas
  An orc wizard (D:6)
  A sleepcap (D:4)
  10 gnolls
  6 adders
  A shadow imp (D:6)
  An ufetubus (D:3)
  2 worms (D:2)
  9 orcs
  4 ball pythons
  10 endoplasms
  6 giant cockroaches
  13 goblins
  13 hobgoblins
  4 jackals (D:1)
  7 quokkas
  5 bats
  5 frilled lizards
  13 kobolds
  3 rats
  A spectral orc (D:4)
137 creatures vanquished.

Notes
Turn   | Place    | Note
-------+----------+-------------------------------------------
     0 | D:1      | qw the Gargoyle Hunter began the quest for the Orb.
     0 | D:1      | Reached XP level 1. HP: 12/12 MP: 1/1
     0 | D:1      | 0 ||| qw: Version: 0.2-a-29-gc1b59c4
     0 | D:1      | 0 ||| qw: Game counter: 4113
     0 | D:1      | 0 ||| qw: Always use a shield: true
     0 | D:1      | 0 ||| qw: God list: Okawaru
     0 | D:1      | 0 ||| qw: Allow faded altars: false
     0 | D:1      | 0 ||| qw: Do Orc after D:15 true
     0 | D:1      | 0 ||| qw: Do second Lair branch before Depths: true
     0 | D:1      | 0 ||| qw: Lair rune preference: random
     0 | D:1      | 0 ||| qw: Plans: Normal, Zot:1-4, Slime:5, God:TSO, Crypt,
                  | Tomb, Abyss, Pan, Hells, Win
     0 | D:1      | 0 ||| PLANNING D:1-11
   110 | D:1      | Reached XP level 2. HP: 17/17 MP: 2/2
   165 | D:1      | 165 ||| FLEEEEING.
   386 | D:1      | Reached XP level 3. HP: 16/21 MP: 3/3
   551 | D:1      | Reached skill level 5 in Ranged Weapons
   690 | D:1      | 690 ||| READING scroll labelled URUANG BIDIX.
   691 | D:1      | 691 ||| READING scroll labelled HOODEV SOCIOL.
   692 | D:1      | 692 ||| READING scroll labelled HAC MAOMUECREI.
   693 | D:1      | 693 ||| READING scroll labelled NAXTA LOWE.
   694 | D:1      | 694 ||| DROPPING scroll of butterflies.
   978 | D:2      | Reached skill level 3 in Fighting
  1340 | D:2      | 1340 ||| UPGRADING to +0 ring mail.
  1350 | D:2      | 1350 ||| DROPPING +0 leather armour.
  1351 | D:2      | 1351 ||| READING scroll labelled SEJIASKUOL.
  1352 | D:2      | 1352 ||| READING scroll labelled BYDILU WUET.
  1353 | D:2      | 1353 ||| DRINKING 2 bubbling puce potions.
  1354 | D:2      | 1354 ||| READING 2 scrolls of identify.
  1354 | D:2      | 1354 ||| IDENTIFYING bubbling coppery potion
  1355 | D:2      | 1355 ||| DROPPING potion of degeneration.
  1383 | D:3      | Reached XP level 4. HP: 28/28 MP: 4/4
  1417 | D:3      | 1417 ||| Stepping ~*~*~tactically~*~*~ (water).
  1423 | D:3      | Reached skill level 1 in Armour
  1425 | D:3      | Found a shimmering altar of Xom.
  1505 | D:3      | Found Veqeloiq's Antique Armour Shop.
  1516 | D:3      | 1516 ||| SHOPLISTING brightly glowing troll leather armour
                  | (340 gold, have 104).
  1516 | D:3      | 1516 ||| BUYING pair of gloves (76 gold).
  1516 | D:3      | Bought a pair of gloves for 76 gold pieces
  1788 | D:3      | Found a radiant altar of Vehumet.
  2131 | D:3      | 2131 ||| UPGRADING to +0 pair of gloves.
  2136 | D:3      | 2136 ||| DRINKING 2 fizzy yellow potions.
  2137 | D:3      | 2137 ||| DROPPING potion of brilliance.
  2164 | D:4      | Noticed a scorpion
  2175 | D:4      | Reached XP level 5. HP: 14/32 MP: 5/5
  2177 | D:4      | Reached skill level 6 in Ranged Weapons
  2309 | D:4      | Noticed a phantom
  2325 | D:4      | Killed a phantom
  2326 | D:4      | Reached XP level 6. HP: 26/38 MP: 6/6
  2357 | D:4      | 2357 ||| FLEEEEING.
  2591 | D:4      | HP: 9/38 [kobold brigand/+0 short sword (4)]
  2594 | D:4      | Reached skill level 7 in Ranged Weapons
  2750 | D:4      | Found a basalt altar of Yredelemnul.
  2854 | D:4      | Reached XP level 7. HP: 38/43 MP: 7/7
  3067 | D:4      | 3067 ||| UPGRADING to +2 hat.
  3072 | D:4      | 3072 ||| READING scroll labelled XOAKIM VYLLYRCH.
  3073 | D:4      | 3073 ||| READING scroll labelled PEOHIP USKIZ.
  3074 | D:4      | 3074 ||| READING 3 scrolls of identify.
  3074 | D:4      | 3074 ||| IDENTIFYING silvery potion
  3087 | D:5      | Entered Level 5 of the Dungeon
  3157 | D:5      | Found an ornate altar of the Wu Jian Council.
  3202 | D:5      | Noticed Menkaure
  3213 | D:5      | Killed Menkaure
  3214 | D:5      | Reached skill level 8 in Ranged Weapons
  3227 | D:5      | 3227 ||| FLEEEEING.
  3228 | D:5      | 3228 ||| FLEEEEING.
  3229 | D:5      | 3229 ||| FLEEEEING.
  3230 | D:5      | 3230 ||| FLEEEEING.
  3231 | D:5      | 3231 ||| STAIRDANCE
  3296 | D:4      | 3296 ||| DROPPING +6 ring of intelligence.
  3442 | D:5      | Reached XP level 8. HP: 37/49 MP: 8/8
  3500 | D:5      | 3500 ||| Stepping ~*~*~tactically~*~*~ (outnumbered).
  3506 | D:5      | 3506 ||| Stepping ~*~*~tactically~*~*~ (outnumbered).
  3518 | D:5      | 3518 ||| FLEEEEING.
  3519 | D:5      | 3519 ||| FLEEEEING.
  3520 | D:5      | 3520 ||| FLEEEEING.
  3521 | D:5      | 3521 ||| FLEEEEING.
  3522 | D:5      | 3522 ||| FLEEEEING.
  3523 | D:5      | 3523 ||| FLEEEEING.
  3524 | D:5      | 3524 ||| FLEEEEING.
  3525 | D:5      | 3525 ||| FLEEEEING.
  3745 | D:5      | Noticed Sigmund
  3761 | D:5      | Killed Sigmund
  3878 | D:5      | Found a staircase to the Ecumenical Temple.
  3879 | D:5      | 3879 ||| PLANNING TEMPLE
  3879 | D:5      | 3879 ||| DRINKING 2 yellow potions.
  3888 | Temple   | Entered the Ecumenical Temple
  3889 | Temple   | 3889 ||| PLANNING OKAWARU WORSHIP
  4004 | Temple   | Became a worshipper of Warmaster Okawaru
  4004 | Temple   | 4004 ||| PLANNING D:1-11
  4094 | D:6      | 4094 ||| Stepping ~*~*~tactically~*~*~ (outnumbered).
  4097 | D:6      | Reached skill level 9 in Ranged Weapons
  4120 | D:6      | HP: 12/50 [orc priest/divine providence (9)]
  4121 | D:6      | 4121 ||| DRINKING potion of heal wounds.
  4332 | D:6      | 4332 ||| Stepping ~*~*~tactically~*~*~ (outnumbered).
  4341 | D:6      | Reached skill level 6 in Fighting
  4716 | D:6      | Reached * piety under Okawaru
  4799 | D:6      | 4799 ||| READING scroll labelled FIONGODWIE.
  4821 | D:7      | Noticed Duvessa
  4821 | D:7      | Noticed Dowan
  4822 | D:7      | 4822 ||| INVOKING Heroism.
  4825 | D:7      | 4825 ||| Stepping ~*~*~tactically~*~*~ (outnumbered).
  4831 | D:7      | 4831 ||| Stepping ~*~*~tactically~*~*~ (outnumbered).
  4841 | D:7      | HP: 5/51 [Duvessa/+0 short sword (9)]
  4842 | D:7      | HP: 1/51 [Duvessa/+0 short sword (4)]
  4842 | D:7      | Slain by an orc warrior

Levels and vault maps discovered:
D:1:      minmay_arrival_checkered_box, layout_loops_ring, minmay_tromino_v7
D:2:      layout_loops_ring
D:3:      layout_basic, tgw_xom, general_overflow_altar, serial_shops, shop,
          serial_bayou_pond_d, kennysheep_nub
D:4:      layout_basic, yredelemnul_forgotten_temple_becter
D:5:      corexii_shantytown, layout_cave_pools,
          nicolae_wu_jian_immortal_techniques, minmay_temple_entry_antechambers,
          uniq_sigmund, uniq_menkaure
D:6:      layout_basic
D:7:      layout_rooms, uniq_duvessa
Temple:   nicolae_temple_two_arcs

Skill      XL: |  1  2  3  4  5  6  7  8 |
---------------+-------------------------+-----
Ranged Weapons | 5 6 7 8 9 |  9.7
Fighting       | 3 4 5 6 |  6.0
Armour         | 1 2 |  2.4
Dodging        | 2 |  2.0
Stealth        | |  1.1

Action                     |  1- 3 |  4- 6 |  7- 9 || total
---------------------------+-------+-------+-------++-------
   Fire: Shortbow          |   122 |   188 |   266 ||   576
 Invoke: Heroism           |       |       |     1 ||     1
    Use: Scroll            |     7 |       |     4 ||    11
         Potion            |     1 |     1 |     2 ||     4
 Armour: Leather armour    |    13 |       |       ||    13
         Ring mail         |       |    67 |   101 ||   168
  Dodge: Dodged            |    21 |    65 |   107 ||   193

Table legend:
 A = Non-vault XP
 B = Vault XP
 C = Vault XP percentage of total XP
 D = Non-vault monster count
 E = Vault monster count
 F = Vault count percentage of total count
                 A         B        C        D         E       F
            +---------+---------+-------+---------+---------+-------
      Total |    1641 |     506 |  23.6 |     101 |      36 |  26.3
            +---------+---------+-------+---------+---------+-------
        D:1 |      38 |       4 |   9.5 |      23 |       2 |   8.0
        D:2 |      36 |       0 |   0.0 |      17 |       0 |   0.0
        D:3 |      65 |      11 |  14.5 |      20 |       6 |  23.1
        D:4 |     589 |       1 |   0.2 |      16 |       1 |   5.9
        D:5 |     299 |     490 |  62.1 |       9 |      27 |  75.0
        D:6 |     573 |       0 |   0.0 |      15 |       0 |   0.0
        D:7 |      41 |       0 |   0.0 |       1 |       0 |   0.0
            +---------+---------+-------+---------+---------+-------
